 Dungeon Crawl Stone Soup version 0.32-a0-938-g40ac7a0 (webtiles) character file.

Game seed: 11462579824287123320

566715 dddddd the Slayer (level 26, -2/170 HPs)
             Began as a Gargoyle Fighter on Apr 18, 2024.
             Was a High Priest of Okawaru.
             Slain by a storm dragon (4 damage)
             ... on level 5 of the Realm of Zot on Apr 21, 2024.
             The game lasted 02:38:55 (64061 turns).

dddddd the Slayer (Gargoyle Fighter)               Turns: 64061, Time: 02:38:56

Health: -2/170     AC: 66    Str: 24 (25) XL:     26   Next: 82%
Magic:  5/34       EV: -3    Int: 14 (15) God:    Okawaru [*****.]
Gold:   5581       SH: 24    Dex: 13 (14) Spells: 25/25 levels left

rFire   + + .        a - +9 eveningstar (heavy)
rCold   + + .        k - +1 tower shield {rC+}
rNeg    + + .        X - +8 gold dragon scales
rPois   ∞            m - +1 helmet {SInv}
rElec   +            G - +2 cloak {Will+}
rCorr   .            F - +2 pair of gloves {Dex+3}
SInv    +            d - +1 pair of boots {Stlth+}
Will    ++...        B - amulet of Deimpolu {Regen+ RegenMP+ Int+3} Stlth
                     o - ring of protection from fire
HPRegen 1.28/turn    g - ring "Wuelen Ysmo" {Wiz rElec rN+}
MPRegen 0.64/turn

%: random rage (3%), wizardry (x1)
@: mighty, on berserk cooldown, flying, hasted, constricted, studying 2 skills,
invisible, very quick
A: sickness immunity, AC +20, big wings, negative energy resistance 1,
electricity resistance, torment resistance 1, petrification resistance, berserk
1, clumsy 1, frail 1, screaming 1
}: 3/15 runes: serpentine, barnacled, silver
a: Renounce Religion, Heroism, Finesse, Duel


You were on level 5 of the Realm of Zot.
You worshipped Okawaru.
Okawaru was extremely pleased with you.
You visited 10 branches of the dungeon, and saw 48 of its levels.
You visited 1 bazaar.
You also visited: Ice Cave.

You collected 9747 gold pieces.
You spent 4166 gold pieces at shops.

Inventory:

Hand Weapons
 a - a +9 heavy eveningstar (weapon)
Missiles
 I - 28 curare-tipped darts
 J - 9 throwing nets
 O - 17 javelins
 Q - 28 silver javelins
Armour
 d - a +1 pair of boots of stealth (worn)
 k - a +1 tower shield of cold resistance (worn)
 m - a +1 helmet of see invisible (worn)
 F - a +2 pair of gloves of dexterity (worn)
 G - a +2 cloak of willpower (worn)
 X - +8 gold dragon scales (worn)
Jewellery
 g - the ring "Wuelen Ysmo" (right hand) {Wiz rElec rN+}
   (You found it on level 2 of the Depths)

   [ring of wizardry]

   Wiz:       It improves your spell success rate.
   rElec:     It insulates you from electricity.
   rN+:       It protects you from negative energy.
 o - a ring of protection from fire (left hand)
 y - a ring of positive energy
 B - the amulet of Deimpolu (around neck) {Regen+ RegenMP+ Int+3}
   (You acquired it on level 3 of the Elven Halls)

   [amulet of magic regeneration]

   It increases your rate of magic regeneration.
   Int+3:     It affects your intelligence (+3).
   Regen+:    It increases your rate of health regeneration.
   RegenMP+:  It increases your rate of magic regeneration.
 Z - the ring "Yptes" {rC+ rCorr Int+2 Stlth+}
   (You found it on level 12 of the Dungeon)

   [ring of resist corrosion]

   Int+2:     It affects your intelligence (+2).
   rC+:       It protects you from cold.
   rCorr:     It protects you from acid and corrosion.
   Stlth+:    It makes you more stealthy.
Wands
 q - a wand of light (25)
 u - a wand of polymorph (12)
 z - a wand of paralysis (31)
 A - a wand of flame (29)
 N - a wand of roots (20)
 R - a wand of mindburst (13) (quivered)
 T - a wand of digging (24)
Scrolls
 b - 22 scrolls of teleportation
 c - a scroll of torment
 e - 11 scrolls of immolation
 n - 12 scrolls of revelation
 r - 2 scrolls of amnesia
 v - 7 scrolls of poison
 w - 8 scrolls of fog
 x - 6 scrolls of vulnerability
 H - 2 scrolls of fear
 U - 3 scrolls of silence
Potions
 f - 2 potions of haste
 h - 8 potions of cancellation
 i - 4 potions of attraction
 j - 10 potions of lignification
 l - 8 potions of resistance
 C - 2 potions of berserk rage
 D - 8 potions of mutation
 K - 2 potions of enlightenment
 L - 7 potions of might
 W - 14 potions of brilliance
 Y - 2 potions of magic
Miscellaneous
 s - a Gell's gravitambourine (2/2)


   Skills:
 + Level 25.9 Fighting
 - Level 17.0 Maces & Flails
 + Level 18.4 Throwing
 + Level 23.0 Armour
 + Level 24.5 Shields
 - Level 15.0 Invocations


You had 25 spell levels left.
You didn't know any spells.
Your spell library contained the following spells:

 Spells                   Type           Power      Damage    Failure   Level
 Apportation              Tloc           0%         N/A       82%         1
 Freeze                   Ice            0%         1d3       82%         1
 Kiss of Death            Conj/Necr      0%         2d5       82%         1
 Necrotise                Necr           0%         1d4       82%         1
 Slow                     Hex            0%         N/A       82%         1
 Sting                    Conj/Alch      0%         1d3       82%         1
 Ensorcelled Hibernation  Hex/Ice        0%         N/A       91%         2
 Jinxbite                 Hex            0%         N/A       91%         2
 Mercury Vapours          Alch/Air       0%         N/A       91%         2
 Scorch                   Fire           0%         2d5       91%         2
 Confusing Touch          Hex            0%         N/A       99%         3
 Dazzling Flash           Conj/Hex       0%         N/A       99%         3
 Frozen Ramparts          Ice            0%         1d1       99%         3
 Fugue of the Fallen      Necr           0%         N/A       99%         3
 Inner Flame              Hex/Fire       0%         N/A       99%         3
 Maxwell's Portable Pile  Tloc           0%         2d(5-13)  99%         3
 Mephitic Cloud           Conj/Alch/Air  0%         N/A       99%         3
 Ozocubu's Armour         Ice            0%         N/A       99%         3
 Passwall                 Erth           0%         N/A       99%         3
 Stone Arrow              Conj/Erth      0%         3d7       99%         3
 Teleport Other           Tloc           0%         N/A       99%         3
 Vampiric Draining        Necr           0%         2d6       99%         3
 Volatile Blastmotes      Fire/Tloc      0%         2d10      99%         3
 Anguish                  Hex/Necr       0%         N/A       100%        4
 Cause Fear               Hex            0%         N/A       100%        4
 Dispel Undead            Necr           0%         3d6       100%        4
 Flame Wave               Conj/Fire      0%         2d4       100%        4
 Fulminant Prism          Conj/Alch      0%         3d5       100%        4
 Iskenderun's Mystic Bla Conj/Tloc 0%             2d3        (+2d1     100%        4
 Leda's Liquefaction      Alch/Erth      0%         N/A       100%        4
 Olgreb's Toxic Radiance  Alch           0%         N/A       100%        4
 Petrify                  Alch/Erth      0%         N/A       100%        4
 Vhi's Electric Charge    Tloc/Air       0%         N/A       100%        4
 Alistair's Intoxication  Alch           0%         N/A       100%        5
 Arcjolt                  Conj/Air       0%         1d10      100%        5
 Curse of Agony           Necr           0%         N/A       100%        5
 Freezing Cloud           Conj/Ice/Air   0%         6-21      100%        5
 Irradiate                Conj/Alch      0%         3d11      100%        5
 Iskenderun's Battlesphe  Conj           0%         2d6       100%        5
 Lee's Rapid Deconstruct  Erth           0%         3d4*      100%        5
 Metabolic Englaciation   Hex/Ice        0%         N/A       100%        5
 Silence                  Hex/Air        0%         N/A       100%        5
 Yara's Violent Unravell  Hex/Alch       0%         3d3       100%        5
 Bombard                  Conj/Erth      0%         9d1       100%        6
 Conjure Ball Lightning   Conj/Air       0%         3x3d6     100%        6
 Dispersal                Tloc           0%         N/A       100%        6
 Gell's Gavotte           Tloc           0%         2d(11-16) 100%        6
 Plasma Beam              Fire/Air       0%         2x1d10    100%        6
 Starburst                Conj/Fire      0%         6d3       100%        6
 Enfeeble                 Hex            0%         N/A       100%        7
 Manifold Assault         Tloc           0%         N/A       100%        7
 Orb of Destruction       Conj           0%         9d5       100%        7
 Borgnjor's Revivificati  Necr           0%         N/A       100%        8
 Discord                  Hex            0%         N/A       100%        8
 Disjunction              Tloc           0%         N/A       100%        8
 Ignition                 Fire           0%         3d3       100%        8
 Lehudib's Crystal Spear  Conj/Erth      0%         10d2      100%        8
 Maxwell's Capacitive Co  Air            0%         ∞         100%        8
 Chain Lightning          Conj/Air       0%         N/A       100%        9
 Fire Storm               Conj/Fire      0%         5d1       100%        9
 Shatter                  Erth           0%         3d5*      100%        9
 Summon Small Mammal      Summ           Unusable   N/A       N/A         1
 Animate Armour           Summ/Erth      Unusable   N/A       N/A         4
 Summon Blazeheart Golem  Fire/Summ      Unusable   N/A       N/A         4
 Sculpt Simulacrum        Ice/Alch       Unusable   N/A       N/A         6
 Summon Cactus Giant      Summ           Unusable   N/A       N/A         6
 Monstrous Menagerie      Summ           Unusable   N/A       N/A         7
 Spellforged Servitor     Conj/Summ      Unusable   N/A       N/A         7
 Infestation              Necr           Unusable   N/A       N/A         8

Dungeon Overview and Level Annotations

Branches:
Dungeon (15/15)            Temple (1/1) D:4            Lair (5/5) D:8
 Shoals (4/4) Lair:3        Snake (4/4) Lair:2        Slime (0/5) Lair:5
    Orc (2/2) D:12            Elf (3/3) Orc:2        Vaults (5/5) D:14
  Crypt (0/3) Vaults:2     Depths (4/4) D:15            Zot (5/5) Depths:4
  IceCv (visited)

Altars:
Ashenzari
Cheibriados
Dithmenos
Elyvilon
Fedhas
Gozag
Hepliaklqana
Kikubaaqudgha
Makhleb
Nemelex Xobeh
Okawaru
Qazlal
Ru
Sif Muna
Trog
Uskayaw
Vehumet
Wu Jian
Xom
Yredelemnul
Zin
The Shining One
Beogh
Jiyva

Shops:
D:2 :   D:5 (   D:7 !   D:8 =   D:10 [   D:14 =   Orc:2 :([*   Elf:1 *
Elf:2 [   Elf:3 [?[   Shoals:2 [(   Snake:4 !   Vaults:2 ((

Portals:
Hell: Depths:1 Depths:2 Depths:3 Depths:4
Abyss: Depths:1 Depths:3 Depths:4
Pandemonium: Depths:1 Depths:2
Ziggurat: Depths:3
Trove: Elf:2 (show slimy rune of Zot)

Annotations:
Zot:1 3 runed translucent doors, yapang's ghost, veteran DrCj


Innate Abilities, Weirdness & Mutations

You are immune to sickness and miasma.
Your stone body is resilient. (AC +20)
You are immune to poison.
Your large and strong wings let you fly.
You resist negative energy. (rN+)
You are resistant to electric shocks. (rElec)
You are resistant to unholy torment.
You are immune to petrification.
You sometimes lose your temper in combat.
You are clumsy. (Dex -2)
You are frail. (-10% HP)
You occasionally shout uncontrollably at your foes.


Message History

The storm dragon closely misses you. You block the storm dragon's attack.
The storm dragon tramples you but does no damage.
The Killer Klown says, "Trust me, I'm a doctor."
Unknown command.
Unknown command.
You feel better. You block the Orb Guardian's attack.
You block the tentacled monstrosity's attack.
The tentacled monstrosity tentacle-slaps you but does no damage.
You block the tentacled monstrosity's attack. x2
The ghost moth hits you but does no damage. x2
The ghost moth barely misses you.
The golden dragon bites you but does no damage.
The golden dragon claws you but does no damage.
The golden dragon tramples you but does no damage.
The wandering mushroom releases spores at you but does no damage.
Unknown command.
Unknown command.
You bludgeon the orb of fire!!
The orb of fire is heavily damaged.
You block the Orb Guardian's attack.
The Orb Guardian rages.
You block the storm dragon's attack. x3
The tentacled monstrosity tentacle-slaps you but does no damage. x3
The tentacled monstrosity grabs you.
The tentacled monstrosity constricts you.
The Orb Guardian hits you!!
* * * LOW HITPOINT WARNING * * *
The golden dragon bites you!
* * * LOW HITPOINT WARNING * * *
The golden dragon claws you but does no damage.
The golden dragon completely misses you.
You feel better. You block the Orb Guardian's attack.
The tentacled monstrosity tentacle-slaps you!!
* * * LOW HITPOINT WARNING * * *
The tentacled monstrosity tentacle-slaps you but does no damage.
You block the tentacled monstrosity's attack.
The tentacled monstrosity constricts you.
The wandering mushroom releases spores at you but does no damage.
You block the storm dragon's attack. x2; The storm dragon tramples you.
You die...

▓▓..§..○..............yX
▓▓.................*pX.
▓▓...^.......^..§y....*X
▓▓...............C....*^.
▓......"...........p.....
▓.................*......
▓▓..^...yy........*.....#
▓▓....fpD^...........▓#
▓▓..fX@*X...p....▓▓▓
▓▓..D*X##▓▓▓▓▓▓▓▓ ▓
#....f9z. ..##
#........°.. ....
#........^^.... #.X
#.........^..°.. #.
#............... #
.....^......... # #


You could see 2 orbs of fire, 2 Killer Klowns, an electric golem, a tentacled
monstrosity (berserk), a golden dragon, a storm dragon (unable to see you), a
curse toe, 2 Orb Guardians, a ghost moth (invisible, unable to see you), a moth
of wrath (unable to see you, very poisoned) and 3 wandering mushrooms.

Vanquished Creatures
  2 ancient liches (Arena)
  Mara (Depths:3)
  Xtahua (Depths:3)
  A juggernaut (Depths:4)
  Vashnia (Arena)
  Parghit (Depths:3)
  A curse toe (Zot:1)
  Margery (Vaults:5)
  A caustic shrike (Depths:3)
  11 golden dragons
  Norris (Vaults:1)
  A bone dragon (Depths:4)
  A hellephant (Vaults:5)
  18 tentacled monstrosities
  Rupert (D:12)
  Mlioglotl (Snake:1)
  3 liches
  9 Orb Guardians (Zot:5)
  5 quicksilver dragons
  A sphinx (Vaults:4)
  2 deep elf master archers (Elf:3)
  2 deep elf blademasters (Elf:3)
  5 titans
  5 death cobs
  An ancient champion (Depths:1)
  2 krakens
  Polyphemus (Shoals:4)
  7 tengu reavers
  19 shadow dragons
  Kirke (D:15)
  Frances (Snake:1)
  Aizul (Snake:1)
  7 storm dragons
  10 nagarajas
  2 protean progenitors (Zot:1)
  3 draconian knights
  Roxanne (D:15)
  2 draconian monks
  11 frost giants
  8 fire giants
  3 deep elf elementalists (Elf:3)
  9 deep elf sorcerers
  3 draconian scorchers
  A juggernaut zombie (Depths:3)
  5 ghost moths
  2 draconian shifters
  A caustic shrike zombie (Depths:1)
  A ghoul (Vaults:2)
  2 reapers (Depths:2)
  4 draconian annihilators
  13 vault wardens
  6 orc warlords
  20 ironbound preservers
  2 draconian stormcallers (Arena)
  2 spriggan defenders (Depths:4)
  A formless jellyfish (Vaults:3)
  5 ironbound thunderhulks
  8 vampire knights
  23 very ugly things
  15 stone giants
  6 green draconians
  8 black draconians
  5 deep elf annihilators
  14 red draconians
  11 deep elf demonologists
  12 dire elephants
  4 deep elf death magi
  9 white draconians
  6 purple draconians
  2 war gargoyles
  Azrael (D:14)
  10 yellow draconians
  Snorg (D:13)
  8 merfolk impalers
  11 ettins
  6 spark wasps
  3 merfolk javelineers (Shoals:4)
  3 jiangshi (Depths:1)
  13 yaktaur captains
  11 fire dragons
  5 deep elf high priests
  10 ice dragons
  An ice dragon (shapeshifter) (Depths:3)
  Erolcha (D:11)
  29 vault guards
  A hell beast (Depths:1)
  3 salamander tyrants
  9 hydras
  7 rakshasas
  6 great orbs of eyes
  A death knight (Vaults:2)
  An ironbound frostheart (Vaults:4)
  2 peacekeepers
  6 boulder beetles
  4 catoblepae
  5 merfolk aquamancers
  2 alligators (Zot:1)
  13 centaur warriors
  6 anacondas
  4 merfolk avatars
  3 ogre magi
  6 satyrs
  Erica (D:9)
  4 spriggan air magi
  4 alligator snapping turtles
  14 death yaks
  4 two-headed ogres
  5 deep troll earth magi
  31 dancing weapons
  9 tengu warriors
  2 vampire magi
  5 deep troll shamans
  5 hell knights
  20 naga sharpshooters
  15 naga warriors
  3 occultists
  3 orc high priests
  Urug (Lair:3)
  A shock serpent (shapeshifter) (Depths:2)
  4 spriggan berserkers
  5 shock serpents
  4 spriggans
  9 skysharks
  18 deep elf knights
  An iron troll (Depths:1)
  18 sea snakes
  A spectral spark wasp (Depths:1)
  73 deep trolls
  5 salamander mystics
  10 mana vipers
  7 glowing orange brains
  15 deep elf archers
  A quicksilver dragon simulacrum (Depths:1)
  4 arcanists
  4 flayed ghosts
  11 naga ritualists
  A glowing orange brain (shapeshifter) (Vaults:4)
  A shadow dragon zombie (Vaults:4)
  2 tengu zombies
  7 lindwurms
  33 harpies
  20 ironbound convokers
  A steelbarb worm (shapeshifter) (Depths:1)
  4 phantasmal warriors
  10 necromancers
  19 orc knights
  An orange crystal statue (IceCv)
  25 deep elf zephyrmancers
  A sphinx simulacrum (Depths:3)
  2 thermic dynamos (Elf:3)
  30 deep elf pyromancers
  5 orc sorcerers
  2 oklob plants
  6 cyclopes
  A wolf spider (D:12)
  53 ugly things
  A meliai (D:12)
  17 manticores
  A faun (shapeshifter) (Vaults:5)
  7 fauns
  Maurice (D:7)
  22 elephants
  19 moths of wrath
  A rust devil (Depths:2)
  9 salamanders
  An iron dragon skeleton (Depths:3)
  6 kobold blastminers
  7 merfolk sirens
  41 black mambas
  A fire giant skeleton (Depths:1)
  2 water nymphs
  6 guardian serpents
  A smoke demon (D:15)
  21 vault sentinels
  19 naga magi
  An eye of devastation (shapeshifter) (Vaults:4)
  The ghost of 10x100sm the Chopper, a novice FoFi (D:4)
  26 yaktaurs
  15 cane toads
  4 unseen horrors
  5 rime drakes
  A yaktaur zombie (Vaults:4)
  2 efreet
  4 komodo dragons
  3 large abominations (Depths:3)
  4 tengu conjurers
  5 freezing wraiths
  7 trolls
  4 kobold demonologists
  2 yaktaur skeletons
  2 polar bears
  A golden dragon simulacrum (IceCv)
  Prince Ribbit (D:9)
  An alligator simulacrum (IceCv)
  31 merfolk
  A tengu simulacrum (Vaults:4)
  7 hornets
  4 wind drakes (Shoals:4)
  A glass eye (Depths:3)
  6 snapping turtles
  16 blink frogs
  3 human skeletons
  2 spriggan zombies
  A meliai (shapeshifter) (Depths:3)
  2 dream sheep (Shoals:1)
  35 slime creatures
  A spriggan (shapeshifter) (D:12)
  4 air elementals
  2 shadows
  24 water elementals
  A spriggan skeleton (Depths:1)
  7 wyverns
  7 wraiths
  6 fire elementals
  4 basilisks
  A hog (shapeshifter) (Vaults:4)
  4 wargs (Orc:2)
  An elf zombie (Vaults:4)
  2 vampires
  35 yaks
  5 chaos spawn (Depths:3)
  6 hogs (D:15)
  A human (D:15)
  6 redbacks (D:12)
  An elf skeleton (Vaults:4)
  4 vampire mosquitoes
  A glowing shapeshifter zombie (Depths:3)
  A swamp worm (shapeshifter) (Vaults:4)
  50 nagas
  4 small abominations (Depths:3)
  3 harpy simulacra (IceCv)
  2 hydra simulacra (IceCv)
  An acid dragon (D:12)
  23 water moccasins
  4 hell hounds (D:14)
  An ogre skeleton (Vaults:2)
  Duvessa (D:7)
  A glowing shapeshifter skeleton (Vaults:1)
  2 sky beasts
  23 orc warriors
  3 ice beasts
  A laughing skull (D:12)
  A sky beast (shapeshifter) (D:14)
  7 black bears
  9 boggarts
  11 ogres
  An ettin simulacrum (IceCv)
  26 centaurs
  16 wolves
  A phantom (D:4)
  3 kobold brigands
  11 bullfrogs
  2 weeping skulls (D:6)
  2 gnoll sergeants (D:9)
  3 human simulacra
  An earth elemental (Elf:1)
  2 scorpions
  9 wights
  Dowan (D:7)
  8 killer bees (D:12)
  6 howler monkeys
  A bullfrog zombie (D:6)
  2 centaur zombies (D:6)
  A lava snake (Lair:5)
  A hound (D:6)
  16 jellies
  19 orc priests
  A sleepcap (D:6)
  5 human zombies
  Terence (D:2)
  4 iguanas
  Natasha (twice) (D:3)
  20 orc wizards
  3 mummies (D:6)
  18 gnolls
  6 adders
  2 shadow imps (D:6)
  A white imp (D:8)
  2 ufetubi (D:6)
  4 dart slugs
  A ribbon worm (D:2)
  90 orcs
  5 ball pythons
  3 endoplasms
  4 giant cockroaches
  9 goblins
  11 hobgoblins
  2 jackals (D:1)
  18 kobolds
  A quokka (D:4)
  5 bats
  A frilled lizard (D:1)
  3 rats
  3 tentacles (Shoals:2)
2098 creatures vanquished.

Vanquished Creatures (collateral kills)
  Natasha (D:3)
  An adder (D:3)
  2 bats (D:3)
4 creatures vanquished.

Vanquished Creatures (others)
  A lich (Depths:3)
  A sphinx (Depths:3)
  2 deep elf zephyrmancers (Elf:2)
  A cyclops (D:14)
  A black mamba (Snake:4)
  2 starspawn tentacles (Snake:1)
  31 tentacles
39 creatures vanquished.

Grand Total: 2141 creatures vanquished

Notes
Turn   | Place    | Note
-------+----------+-------------------------------------------
     0 | D:1      | dddddd the Gargoyle Fighter began the quest for the Orb.
     0 | D:1      | Reached XP level 1. HP: 14/14 MP: 1/1
   177 | D:1      | Reached XP level 2. HP: 19/19 MP: 2/2
   573 | D:1      | Reached XP level 3. HP: 24/24 MP: 3/3
   746 | D:2      | Identified the +2 leather armour of Gallantry {Rampage rC-
                  | Dex+3 SInv}
   839 | D:2      | Found Feimob's Book Emporium.
   901 | D:2      | Identified the +1 dagger of the Unbearable God {freeze,
                  | Will+ Str+4}
   921 | D:2      | Found a blossoming altar of Fedhas.
  1310 | D:2      | Found a faded altar of an unknown god.
  1455 | D:2      | Noticed Terence
  1461 | D:2      | Killed Terence
  1462 | D:2      | Reached skill level 4 in Fighting
  1462 | D:2      | Reached XP level 4. HP: 24/29 MP: 4/4
  1844 | D:3      | Noticed Natasha
  1846 | D:3      | Killed Natasha
  1847 | D:3      | Reached XP level 5. HP: 33/33 MP: 5/5
  1937 | D:3      | Noticed Natasha
  1945 | D:3      | Killed Natasha
  2122 | D:3      | Noticed Natasha
  2130 | D:3      | Killed Natasha
  2227 | D:3      | Found a stormy altar of Qazlal.
  2699 | D:4      | Noticed an ogre
  2706 | D:4      | Killed an ogre
  2707 | D:4      | Reached XP level 6. HP: 13/40 MP: 6/6
  2825 | D:4      | Found a staircase to the Ecumenical Temple.
  2841 | Temple   | Entered the Ecumenical Temple
  2847 | Temple   | Became a worshipper of Warmaster Okawaru
  2878 | D:4      | Noticed 10x100sm's ghost (novice FoFi)
  2881 | D:4      | Found a runed translucent door.
  2945 | D:4      | Reached skill level 5 in Maces & Flails
  3228 | D:4      | Reached skill level 5 in Fighting
  3241 | D:4      | Reached skill level 1 in Invocations
  3452 | D:4      | Reached XP level 7. HP: 24/44 MP: 7/7
  3841 | D:5      | Entered Level 5 of the Dungeon
  3905 | D:5      | Found Raofodea's Antique Weapon Shoppe.
  3967 | D:5      | Identified the +2 short sword of Awkwardness {freeze,
                  | Dex+3}
  4016 | D:5      | Found an ancient bone altar of Kikubaaqudgha.
  4131 | D:5      | Reached skill level 5 in Shields
  4144 | D:5      | Identified the ring of Cohidir {EV+5 Str+3 Int+3}
  4750 | D:6      | Reached XP level 8. HP: 50/51 MP: 9/9
  4804 | D:6      | Found an opulent altar of Gozag.
  4909 | D:6      | Reached * piety under Okawaru
  5252 | D:6      | Reached skill level 6 in Fighting
  5553 | D:6      | Found a white marble altar of Elyvilon.
  5553 | D:6      | Found a bloodstained altar of Trog.
  5752 | D:6      | Found a basalt altar of Yredelemnul.
  5830 | D:6      | Reached XP level 9. HP: 55/56 MP: 12/12
  5941 | D:7      | Noticed Dowan
  5941 | D:7      | Noticed Duvessa
  5968 | D:7      | Killed Duvessa
  5968 | D:7      | Reached ** piety under Okawaru
  5983 | D:7      | Killed Dowan
  6229 | D:7      | Found Jiesh's Distillery.
  6237 | D:7      | Bought a potion of haste for 120 gold pieces
  6237 | D:7      | Bought a potion of resistance for 120 gold pieces
  6237 | D:7      | Bought a potion of curing for 36 gold pieces
  6237 | D:7      | Bought a potion of berserk rage for 60 gold pieces
  6237 | D:7      | Bought a potion of mutation for 96 gold pieces
  6377 | D:7      | Found a shadowy altar of Dithmenos.
  6472 | D:7      | Reached skill level 7 in Fighting
  6614 | D:7      | Reached skill level 5 in Invocations
  6752 | D:7      | Noticed Maurice
  6789 | D:7      | Something stole the ring of Cohidir {EV+5 Str+3 Int+3}
  6797 | D:7      | Maurice stole a +0 tower shield
  6807 | D:7      | Maurice stole 14 gold
  6886 | D:7      | Killed Maurice
  7780 | D:8      | Found a snail-covered altar of Cheibriados.
  7966 | D:8      | Reached XP level 10. HP: 64/64 MP: 11/14
  7970 | D:8      | Reached *** piety under Okawaru
  7984 | D:8      | Reached skill level 8 in Fighting
  8094 | D:8      | Found a staircase to the Lair.
  8153 | D:8      | Found Xonaygh's Jewellery Shop.
  8498 | D:9      | Noticed a manticore
  8509 | D:9      | Killed a manticore
  8510 | D:9      | Reached skill level 10 in Maces & Flails
  8611 | D:9      | Noticed a green ugly thing
  8622 | D:9      | Noticed Erica
  8671 | D:8      | Killed a green ugly thing
  8726 | D:9      | Killed Erica
  8726 | D:9      | Reached **** piety under Okawaru
  9113 | D:9      | Noticed Prince Ribbit
  9134 | D:9      | Killed Prince Ribbit
  9236 | D:9      | Noticed a kobold demonologist
  9238 | D:9      | Noticed a soul eater
  9240 | D:9      | Noticed a kobold demonologist
  9255 | D:9      | Killed a kobold demonologist
  9258 | D:9      | Killed a kobold demonologist
  9259 | D:9      | Reached XP level 11. HP: 66/69 MP: 13/16
  9300 | D:9      | Reached skill level 9 in Fighting
  9727 | D:9      | Found a sparkling altar of Nemelex Xobeh.
 10101 | D:10     | Entered Level 10 of the Dungeon
 10316 | D:10     | Noticed a two-headed ogre
 10325 | D:10     | Killed a two-headed ogre
 10587 | D:10     | Found a sacrificial altar of Ru.
 11110 | D:9      | Reached ***** piety under Okawaru
 11318 | D:10     | Found Yczev's Antique Armour Shoppe.
 11636 | D:11     | Noticed a boulder beetle
 11680 | D:11     | Killed a boulder beetle
 11998 | D:11     | Received a gift from Okawaru
 12030 | D:11     | Reached skill level 10 in Fighting
 12046 | D:11     | Reached skill level 10 in Shields
 12046 | D:11     | Reached XP level 12. HP: 25/77 MP: 7/18
 12392 | D:11     | Noticed Erolcha
 12407 | D:11     | Killed Erolcha
 12732 | D:12     | Noticed a two-headed ogre
 12739 | D:12     | Killed a two-headed ogre
 12843 | Lair:1   | Entered Level 1 of the Lair of Beasts
 13359 | Lair:1   | Identified the +2 rapier "Killer Klown's Doom" {elec, rElec
                  | rC+ rN+ Dex-3}
 13757 | Lair:1   | Received a gift from Okawaru
 14747 | Lair:2   | Reached skill level 11 in Fighting
 14898 | Lair:2   | Found a staircase to the Snake Pit.
 14939 | Lair:2   | Received a gift from Okawaru
 14946 | Lair:2   | Reached XP level 13. HP: 49/84 MP: 14/20
 15167 | Lair:2   | Reached skill level 10 in Invocations
 15283 | Lair:2   | Reached skill level 5 in Armour
 16224 | Lair:2   | Received a gift from Okawaru
 16842 | Lair:3   | Found a staircase to the Shoals.
 17011 | Lair:3   | Received a gift from Okawaru
 17107 | Lair:3   | Noticed Urug
 17128 | Lair:3   | Killed Urug
 17229 | Lair:3   | Reached ****** piety under Okawaru
 17315 | Lair:3   | Acquired a +1 eveningstar of draining
 17315 | Lair:3   | Received a gift from Okawaru
 17320 | Lair:3   | Acquired the scarf "Xoovokh" {rC+ rF+, Harm Fly MP+9}
 17320 | Lair:3   | Received a gift from Okawaru
 17981 | Lair:4   | Received a gift from Okawaru
 17982 | Lair:4   | Reached skill level 12 in Fighting
 18007 | Lair:4   | Reached skill level 15 in Maces & Flails
 18007 | Lair:4   | Gained mutation: Your large and strong wings let you fly.
                  | [Gargoyle growth]
 18007 | Lair:4   | Reached XP level 14. HP: 10/92 MP: 3/22
 19121 | Lair:5   | Entered Level 5 of the Lair of Beasts
 19392 | Lair:5   | Received a gift from Okawaru
 19429 | Lair:5   | Found a staircase to the Slime Pits.
 19459 | Lair:5   | Found a viscous altar of Jiyva.
 20302 | Lair:5   | Received a gift from Okawaru
 20411 | Lair:5   | Noticed a dire elephant
 20424 | Lair:5   | Killed a dire elephant
 20885 | D:12     | Reached skill level 13 in Fighting
 20914 | D:12     | Reached XP level 15. HP: 98/98 MP: 23/23
 20918 | D:12     | Received a gift from Okawaru
 21007 | D:12     | Found a runed translucent door.
 21008 | D:12     | Noticed Rupert
 21010 | D:12     | Found a runed translucent gate.
 21011 | D:12     | Found a runed translucent gate.
 21193 | D:12     | Found a roughly hewn altar of Beogh.
 21193 | D:12     | Found a staircase to the Orcish Mines.
 21932 | D:12     | Identified the ring "Yptes" {rC+ rCorr Int+2 Stlth+}
 21967 | D:12     | Found a runed translucent gate.
 21999 | D:12     | Found a runed translucent door.
 22009 | D:12     | Found the +9 staff of Olgreb {rPois∞}
 22040 | D:12     | Received a gift from Okawaru
 22323 | D:12     | Killed Rupert
 22800 | D:13     | Noticed Snorg
 22806 | D:13     | Killed Snorg
 23016 | D:13     | Received a gift from Okawaru
 23587 | D:13     | Reached skill level 1 in Throwing
 23774 | D:14     | Found Jinenun's Jewellery Shoppe.
 23804 | D:14     | Bought an amulet of regeneration for 540 gold pieces
 24092 | D:14     | Found a gate to the Vaults.
 24098 | D:14     | Received a gift from Okawaru
 24179 | D:14     | Noticed Azrael
 24213 | D:14     | Killed Azrael
 24214 | D:14     | Reached skill level 10 in Armour
 24338 | D:14     | Reached XP level 16. HP: 101/105 MP: 25/25
 24654 | D:15     | Entered Level 15 of the Dungeon
 24671 | D:15     | Reached skill level 14 in Fighting
 24869 | D:15     | Received a gift from Okawaru
 25041 | D:15     | Noticed Kirke
 25071 | D:15     | Killed Kirke
 25141 | D:15     | Noticed Roxanne
 25168 | D:15     | Killed Roxanne
 25303 | D:15     | Found a staircase to the Depths.
 25373 | D:15     | Received a gift from Okawaru
 25814 | D:10     | Bought a shiny helmet for 262 gold pieces
 25909 | Orc:1    | Entered Level 1 of the Orcish Mines
 25972 | Orc:1    | Found a roughly hewn altar of Beogh.
 26229 | Orc:1    | You are sucked into a shaft and drop 1 floor!
 26229 | Orc:2    | Entered Level 2 of the Orcish Mines
 26229 | Orc:2    | Found Vimpenale's Book Shoppe.
 26537 | Orc:2    | Found a staircase to the Elven Halls.
 26541 | Orc:2    | Found Fuloirop's Antique Weapon Emporium.
 26669 | Orc:2    | Found Toheavungi's Antique Armour Boutique.
 27000 | Orc:2    | Found Eruklux's General Store.
 27008 | Orc:2    | Bought a potion of resistance for 140 gold pieces
 27008 | Orc:2    | Bought a scroll of blinking for 105 gold pieces
 27008 | Orc:2    | Bought a potion of curing for 42 gold pieces
 27008 | Orc:2    | Bought a scroll of revelation for 105 gold pieces
 27462 | Snake:1  | Entered Level 1 of the Snake Pit
 27464 | Snake:1  | Received a gift from Okawaru
 27503 | Snake:1  | Noticed Mlioglotl
 27507 | Snake:1  | Noticed a tentacled starspawn
 27517 | Snake:1  | Killed Mlioglotl
 27633 | Snake:1  | Noticed Frances
 27645 | Snake:1  | Killed Frances
 27742 | Snake:1  | Reached skill level 5 in Throwing
 28039 | Snake:1  | Identified the serpent talisman of the Watermelon {rN+
                  | SInv}
 28039 | Snake:1  | Noticed Aizul
 28050 | Snake:1  | Killed Aizul
 28549 | Snake:2  | Received a gift from Okawaru
 28555 | Snake:2  | Reached XP level 17. HP: 92/112 MP: 27/27
 28797 | Snake:2  | Reached skill level 15 in Fighting
 28926 | Snake:2  | Reached skill level 15 in Shields
 30206 | Snake:3  | Found a flickering gateway to a bazaar.
 30213 | Bazaar   | Entered a bazaar
 30213 | Bazaar   | Found Usea's Book Boutique.
 30213 | Bazaar   | Found Weich's Jewellery Boutique.
 30261 | Bazaar   | Found Estro's Weapon Shop.
 30310 | Bazaar   | Found Qioha's Antique Armour Boutique.
 30318 | Bazaar   | Bought a pair of glowing gloves for 217 gold pieces
 30318 | Bazaar   | Bought a shiny helmet for 217 gold pieces
 30409 | Snake:3  | Noticed Vashnia
 30412 | Arena    | Entered the Arena
 30423 | Arena    | Killed Vashnia
 30423 | Arena    | Received a gift from Okawaru
 31330 | Snake:3  | Found a hazy altar of Hepliaklqana.
 31430 | Snake:3  | Received a gift from Okawaru
 32437 | Shoals:1 | Entered Level 1 of the Shoals
 32490 | Shoals:1 | You are sucked into a shaft and drop 1 floor!
 32490 | Shoals:2 | Found Wannyv's Armour Emporium.
 32552 | Shoals:1 | HP: 3/114 [water elemental[a merfolk aquamancer] (7)]
 32559 | Shoals:1 | Reached skill level 15 in Invocations
 32619 | Shoals:1 | Reached XP level 18. HP: 73/120 MP: 29/29
 33106 | Shoals:1 | Reached skill level 16 in Fighting
 33185 | Shoals:1 | Identified the +2 ring mail "Fomuerph" {Str+5}
 33440 | Shoals:2 | Received a gift from Okawaru
 33735 | Shoals:2 | Found Lofief's Weapon Emporium.
 33755 | Shoals:2 | Identified the +1 scale mail of Cag Zido {rCorr Str+9
                  | Int-4}
 34489 | Shoals:3 | Received a gift from Okawaru
 35780 | D:4      | Killed 10x100sm's ghost
 36278 | Snake:4  | Entered Level 4 of the Snake Pit
 36292 | Snake:4  | Found a glacial archway.
 36321 | IceCv    | Entered an ice cave
 36432 | IceCv    | Found a transporter.
 36444 | IceCv    | Found a transporter.
 36497 | IceCv    | Identified the +9 plate armour of the Valley of Death
                  | {Rampage *Corrode Int+4 Slay+5}
 36790 | Snake:4  | Received a gift from Okawaru
 36880 | Snake:4  | Found Ewkeseb's Distillery.
 36888 | Snake:4  | Bought a potion of berserk rage for 90 gold pieces
 36888 | Snake:4  | Bought a potion of berserk rage for 90 gold pieces
 36888 | Snake:4  | Bought a potion of cancellation for 144 gold pieces
 36888 | Snake:4  | Bought a potion of mutation for 144 gold pieces
 37048 | Snake:4  | Reached skill level 17 in Fighting
 37048 | Snake:4  | Reached XP level 19. HP: 38/128 MP: 30/30
 37048 | Snake:4  | HP: 3/128 [naga warrior/+0 dire flail (21)]
 37366 | Snake:4  | Received a gift from Okawaru
 37578 | Snake:4  | Got a serpentine rune of Zot
 38092 | Shoals:4 | Entered Level 4 of the Shoals
 38497 | Shoals:4 | Noticed Polyphemus
 38518 | Shoals:4 | Killed Polyphemus
 38532 | Shoals:4 | Reached skill level 10 in Throwing
 38632 | Shoals:4 | Received a gift from Okawaru
 39046 | Shoals:4 | Reached skill level 15 in Armour
 39267 | Shoals:4 | Got a barnacled rune of Zot
 39377 | Shoals:4 | Identified the +8 quarterstaff "Yceqor" {protect, rElec
                  | rCorr Int+2 Dex-3}
 39868 | Vaults:1 | Entered Level 1 of the Vaults
 39869 | Vaults:1 | Noticed Norris
 40012 | Vaults:1 | Killed Norris
 40055 | Vaults:1 | Reached skill level 18 in Fighting
 40182 | Vaults:1 | Received a gift from Okawaru
 40191 | Vaults:1 | Reached XP level 20. HP: 136/136 MP: 31/31
 40657 | Vaults:1 | Received a gift from Okawaru
 41610 | Vaults:2 | Found Intes's Weapon Emporium.
 41851 | Vaults:2 | Received a gift from Okawaru
 42203 | Vaults:2 | Received a gift from Okawaru
 42338 | Vaults:2 | Found Juraeroh's Weapon Emporium.
 42469 | Vaults:2 | Reached skill level 19 in Fighting
 42503 | Vaults:2 | Found a staircase to the Crypt.
 42692 | Vaults:2 | Reached XP level 21. HP: 98/144 MP: 32/32
 43316 | Vaults:3 | Received a gift from Okawaru
 43672 | Vaults:3 | Found a glowing golden altar of the Shining One.
 44117 | Vaults:3 | Found a roughly hewn altar of Beogh.
 44236 | Arena    | Entered the Arena
 44643 | Vaults:4 | Received a gift from Okawaru
 44870 | Vaults:4 | Got the Directory of the Kinetic Commander
 45184 | Vaults:4 | Noticed an ancient lich
 45184 | Arena    | Entered the Arena
 45190 | Arena    | Killed an ancient lich
 45519 | Vaults:4 | Reached skill level 20 in Fighting
 45623 | Vaults:5 | Entered Level 5 of the Vaults
 45659 | Vaults:4 | Received a gift from Okawaru
 45663 | Vaults:4 | Reached XP level 22. HP: 88/152 MP: 33/33
 46308 | Elf:1    | Entered Level 1 of the Elven Halls
 47100 | Elf:1    | Identified the ring "Sufe Kin" {*Corrode rElec rF+ Str+5
                  | SInv}
 47124 | Elf:1    | Found Heuduoj's General Store.
 47129 | Elf:1    | Bought 2 scrolls of fog for 104 gold pieces
 47231 | Elf:2    | Paralysed by an air elemental for 1 turns
 47362 | Elf:2    | Received a gift from Okawaru
 47634 | Elf:2    | Found a portal to a secret trove of treasure.
 47794 | Elf:2    | Found a runed translucent gate.
 47795 | Elf:2    | Found a runed translucent gate.
 47795 | Elf:2    | Found a runed translucent gate.
 47873 | Elf:2    | Found Cocruxel's Antique Armour Emporium.
 47881 | Elf:2    | Bought a pair of embroidered gloves for 180 gold pieces
 48213 | Elf:2    | Received a gift from Okawaru
 48519 | Elf:3    | Entered Level 3 of the Elven Halls
 48550 | Elf:3    | Found Vikhlikk's Magic Scroll Boutique.
 48557 | Elf:3    | Bought a scroll of acquirement for 884 gold pieces
 48557 | Elf:3    | Bought a scroll of teleportation for 51 gold pieces
 48557 | Elf:3    | Bought a scroll of teleportation for 51 gold pieces
 48557 | Elf:3    | Bought a scroll of fear for 68 gold pieces
 48559 | Elf:3    | Acquired the amulet of Deimpolu {Regen+ RegenMP+ Int+3}
 48568 | Elf:3    | Found Ulautzy's Armour Shop.
 48913 | Elf:3    | Found Veruwkul's Antique Armour Emporium.
 48919 | Elf:3    | Bought a glowing tower shield for 300 gold pieces
 49100 | Elf:3    | Reached skill level 21 in Fighting
 49210 | Elf:3    | Reached XP level 23. HP: 160/160 MP: 34/34
 49223 | Arena    | Entered the Arena
 49272 | Elf:3    | Received a gift from Okawaru
 49301 | Elf:3    | Identified the +7 lajatang "Qosmupak" {elec, Will+}
 49305 | Elf:3    | Paralysed by a deep elf pyromancer for 3 turns
 49477 | Elf:3    | Identified the +3 storm dragon scales of the Clam {-Tele
                  | rElec rPois rF- rN+++}
 50727 | Arena    | Entered the Arena
 50759 | Arena    | Entered the Arena
 50771 | Arena    | Entered the Arena
 51420 | Vaults:4 | Reached skill level 15 in Throwing
 51543 | Vaults:5 | Noticed a golden dragon
 51551 | Vaults:5 | Killed a golden dragon
 51889 | Vaults:5 | Identified the +1 robe "Wacij" {Regen+ Archmagi}
 51926 | Vaults:5 | Got a silver rune of Zot
 51980 | Vaults:5 | Noticed Margery
 52006 | Vaults:5 | Killed Margery
 52063 | Vaults:5 | Received a gift from Okawaru
 52475 | Vaults:5 | Identified the +12 plate armour of Lust {+Inv Regen+ Int+4}
 52625 | Vaults:5 | Identified the +0 robe of Xom's Pride {rN+++ Str+3 Int-4
                  | Stlth+}
 52626 | Vaults:5 | Identified the ring of Vampiric Thralls {Fire *Corrode
                  | Dex+2 Stlth+}
 52653 | Vaults:5 | Identified the +2 hand axe of Reak Wis {drain, Will+ Int-4
                  | SInv}
 52660 | Vaults:5 | Got the Tome of the Dense Iceberg
 52670 | Vaults:5 | Identified the +12 short sword of Wuamo {antimagic, Fly
                  | rElec rC- Will++}
 53255 | Depths:1 | Entered Level 1 of the Depths
 53267 | Depths:1 | Paralysed by a Zot trap for 2 turns
 53372 | Depths:1 | Found a one-way gate leading to the halls of Pandemonium.
 53491 | Depths:1 | Found a one-way gate to the infinite horrors of the Abyss.
 53699 | Depths:1 | Reached skill level 22 in Fighting
 53743 | Depths:1 | Reached XP level 24. HP: 168/168 MP: 34/34
 53749 | Depths:1 | Found a gateway to Hell.
 53900 | Depths:1 | Received a gift from Okawaru
 54074 | Depths:1 | You are sucked into a shaft and drop 1 floor!
 54520 | Depths:2 | Identified the ring "Wuelen Ysmo" {Wiz rElec rN+}
 54523 | Depths:2 | Identified the +12 plate armour of the Vacuum {rC+ Int+2}
 54828 | Depths:2 | Reached skill level 23 in Fighting
 55013 | Depths:2 | Received a gift from Okawaru
 55465 | Depths:3 | Found a one-way gateway to a ziggurat.
 56103 | Depths:3 | Received a gift from Okawaru
 56196 | Depths:3 | Noticed Parghit
 56197 | Depths:3 | Found a bloodstained altar of Trog.
 56216 | Depths:3 | Killed Parghit
 56379 | Depths:3 | Noticed Mara
 56382 | Depths:3 | Noticed dddddd's illusion
 56385 | Depths:3 | Noticed a caustic shrike
 56408 | Depths:3 | Killed Mara
 56415 | Depths:3 | Killed a caustic shrike
 56610 | Depths:3 | Reached XP level 25. HP: 168/178 MP: 34/34
 56632 | Depths:3 | Reached skill level 24 in Fighting
 56866 | Depths:3 | Noticed Xtahua
 56882 | Depths:3 | Killed Xtahua
 56894 | Depths:3 | Received a gift from Okawaru
 57612 | Depths:4 | Entered Level 4 of the Depths
 57923 | Depths:4 | Received a gift from Okawaru
 57944 | Depths:4 | Noticed a juggernaut
 57955 | Depths:4 | Killed a juggernaut
 58103 | Depths:4 | Found a white marble altar of Elyvilon.
 58227 | Depths:4 | Found a gate to the Realm of Zot.
 58262 | Depths:4 | Received a gift from Okawaru
 58502 | Zot:1    | Entered Level 1 of the Realm of Zot
 58581 | Zot:1    | Found a runed translucent gate.
 58582 | Zot:1    | Found a runed translucent gate.
 58941 | Zot:1    | Reached skill level 25 in Fighting
 59420 | Arena    | Entered the Arena
 59444 | Zot:1    | Received a gift from Okawaru
 59600 | Zot:1    | Got Sif Muna's Tractate on the End and Reconfiguration
 59614 | Zot:1    | Found the +7 hand cannon "Mule" {flame, backblast, rF+}
 59723 | Zot:1    | Found a runed translucent gate.
 59723 | Zot:1    | Noticed yapang's ghost (veteran DrCj)
 59896 | Zot:1    | Found a viscous altar of Jiyva.
 60773 | Zot:2    | Reached XP level 26. HP: 37/188 MP: 34/34
 60773 | Arena    | Entered the Arena
 61102 | Zot:2    | Received a gift from Okawaru
 61710 | Arena    | Entered the Arena
 61821 | Zot:3    | Identified the ring of the Duke {Str+3 Slay+4 Stlth+}
 63610 | Zot:5    | Entered Level 5 of the Realm of Zot
 63926 | Zot:5    | Received a gift from Okawaru
 63986 | Zot:5    | Noticed an orb of fire
 63987 | Zot:5    | Noticed a Killer Klown
 63987 | Zot:5    | Noticed an ancient lich
 63987 | Zot:5    | Noticed an orb of fire
 63988 | Zot:5    | Noticed a Killer Klown
 63988 | Zot:5    | Noticed an orb of fire
 63988 | Zot:5    | Noticed a Killer Klown
 63991 | Arena    | Entered the Arena
 64000 | Arena    | Killed an ancient lich
 64019 | Zot:5    | Noticed an orb of fire
 64025 | Zot:5    | Gained mutation: You sometimes lose your temper in combat.
                  | [an orb of fire]
 64044 | Zot:5    | Gained mutation: You occasionally shout uncontrollably at
                  | your foes. [an orb of fire]
 64050 | Zot:5    | Gained mutation: You are frail. (-10% HP) [an orb of fire]
 64052 | Zot:5    | Gained mutation: You are clumsy. (Dex -2) [an orb of fire]
 64061 | Zot:5    | HP: 2/170 [tentacled monstrosity (21)]
 64061 | Zot:5    | Slain by a storm dragon

Illustrated notes

Levels and vault maps discovered:
D:1:      enne_arrival_octagon_isle, layout_basic
D:2:      layout_basic, serial_shops, shop,
          hellmonk_ecumenical_altar_prayer_group, basic_altar, corner_web_ring,
          minmay_fractal_squares_gapless_5, uniq_terence
D:3:      layout_loops_corners, grunt_qazlal_clouds, uniq_natasha
D:4:      layout_cave_pods, minmay_temple_entry_glass,
          hellmonk_ghost_happy_afterlife
D:5:      layout_cave_pools, kiku_gazebo_garden_becter, serial_shops,
          shop_statue
D:6:      layout_loops_corners, lemuel_mausoleum_altar_yredelemnul,
          lemuel_doored_altar, gammafunk_temple_overflow_pools
D:7:      layout_loops_corners, grunt_dithmenos_smoke_and_mirrors, serial_shops,
          nicolae_shop_industrial_runoff, uniq_duvessa, uniq_maurice
D:8:      layout_loops_corners, old_standard_altar, minmay_lair_entry_grove,
          serial_shops, nicolae_shop_tiny_statue_garden
D:9:      layout_long_grid, roadster_trireme, uniq_prince_ribbit1, uniq_erica
D:10:     layout_basic, nicolae_ru_path_of_blood, serial_shops,
          nicolae_shop_tiny_real_fake_doors, minivault_23,
          nicolae_twisty_statue_hallways
D:11:     layout_roguey, nicolae_concentric_dashed_squares_wild, uniq_erolcha
D:12:     minmay_the_grid_triangle_9x9_recursive_2
          [minmay_the_grid_triangle_9x9_prize_top_heavy,
          minmay_the_grid_triangle_9x9_empty,
          minmay_the_grid_triangle_9x9_cache,
          minmay_the_grid_triangle_9x9_sparse_checkered], layout_long_grid,
          david_orc_5, minmay_guarded_unrand_staff_of_olgreb, uniq_rupert
D:13:     layout_grid_maze, uniq_snorg
D:14:     layout_loops_ring, david_vaults_1, special_room [special_room_orc],
          serial_shops, shop, nrook_mini_backslash, uniq_azrael
D:15:     grunt_enter_depths_hoard, layout_gridville, minmay_stone_trees_medium,
          uniq_roxanne, uniq_kirke
Temple:   compressed_dpeg_triangle_lava_temple
Lair:1:   layout_roguey
Lair:2:   layout_gridlike, minmay_snake_entry_six_corridors
Lair:3:   layout_cave_shapes, nicolae_shoals_entry_roost, st_stairs_9,
          grunt_forest_small_clearing_treed, grunt_megastairs_4, uniq_urug
Lair:4:   layout_gridlike, grunt_megastairs_5, serial_bayou_shore_a
Lair:5:   grunt_lair_end_beastmaster, layout_gridlike,
          minmay_slime_entry_jelly_boxes, infiniplex_staircase_pool_2
Shoals:1: layout_shoals
Shoals:2: layout_shoals, serial_shops, shop, nicolae_stop_n_shop_1
Shoals:3: layout_shoals
Shoals:4: shoals_end_grunt_ice, layout_shoals, nicolae_shoals_square_sea_wall,
          uniq_polyphemus
Snake:1:  layout_layer_cave, st_stairs_6, serial_bayou_shore_b, uniq_frances,
          uniq_aizul, uniq_mlioglotl
Snake:2:  nicolae_aizul_guard, layout_cave_shapes, grunt_megastairs_1
Snake:3:  layout_layer_cave, serial_shops, bzr_entry_dummy, basic_altar,
          grunt_megastairs_3, uniq_vashnia
Snake:4:  snake_pit, layout_concentric_octagons,
          portal_ice_cave_entry_frozen_things, serial_shops,
          nicolae_shop_advertising_works [nicolae_subvault_shop_adworks],
          serial_bayou_shore_b
Orc:1:    layout_caves, basic_altar
Orc:2:    grunt_orc_gardens, layout_caves, grunt_orc_garden, grunt_orc_garden,
          grunt_orc_garden, grunt_orc_garden
Elf:1:    eino_elf_arrival_the_gate, layout_geoelf_grid, serial_shops, shop,
          kennysheep_underground_church
Elf:2:    nicolae_elf_blades_crystal_corner, layout_geoelf_octagon,
          enter_trove_1, serial_shops,
          nicolae_shop_temple_entry_statues_fountains, evilmike_ambush
          [evilmike_ambush_outer_basic, evilmike_ambush_inner_cross]
Elf:3:    elf_hall, layout_geoelf_octagon, serial_shops, shop, minmay_shoptagon
Vaults:1: hangedman_vaults_trim, v_misc_8, hangedman_vaults_maws,
          grunt_vaults_focal, v_misc_14, nicolae_vaults_network_s,
          nicolae_vaults_theta, nicolae_vaults_house_3, nicolae_vaults_wrenched,
          nicolae_vaults_little_squares_5, nicolae_vaults_house_2,
          nicolae_vaults_trapezoid_1, nicolae_vaults_sealed_display,
          nicolae_vaults_tetromino_L_2, layout_vaults_ring, uniq_norris
Vaults:2: hangedman_vaults_river_flow, nicolae_vaults_octagons,
          nicolae_vaults_specimen_jars, nicolae_vaults_door_testing_chamber,
          nicolae_vaults_network_star, nicolae_vaults_network_quincunx
          [nicolae_vaults_network_quincunx_subvault,
          nicolae_vaults_network_quincunx_subvault,
          nicolae_vaults_network_quincunx_subvault,
          nicolae_vaults_network_quincunx_subvault,
          nicolae_vaults_network_quincunx_subvault], v_pattern_1,
          minmay_orc_keep, minmay_crypt_entry_simple_walls,
          nicolae_vaults_trapezoid_lopsided_2, nicolae_vaults_house_2,
          grunt_vaults_hallway_long, vaults_room_hallway,
          nicolae_vaults_circle_grid_a, layout_vaults_maze_bifur, serial_shops,
          shop, shop
Vaults:3: v_misc_2, v_pattern_4, lemuel_angel_altar, lightli_church_of_beogh,
          v_misc_27, v_misc_28, nicolae_vaults_circle_grid_a,
          grunt_vaults_hallway_short, v_misc_2, layout_vaults_omnicross
Vaults:4: grunt_vaults_diagonal, ontoclasm_vaults_decontamination,
          nicolae_vaults_murder_corner, nicolae_vaults_mini_display_case,
          dpeg_vaults_monster_box, layout_vaults_omnigrid
Vaults:5: uniq_margery
Depths:1: layout_honeycomb, rand_demon_pan_entry_8, grunt_mini_vestibule,
          abyss_entry_crystal, minmay_variable_closet, minmay_misc_feat_room,
          nicolae_letterblocks [nicolae_letter_subblock,
          nicolae_letter_subblock, nicolae_letter_subblock,
          nicolae_letter_subblock, nicolae_letter_subblock,
          nicolae_letter_subblock, nicolae_letter_subblock,
          nicolae_letter_subblock, nicolae_letter_subblock,
          nicolae_letter_subblock, nicolae_letter_subblock,
          nicolae_letter_subblock, nicolae_letter_subblock,
          nicolae_letter_subblock, nicolae_letter_subblock,
          nicolae_letter_subblock, nicolae_letter_subblock,
          nicolae_letter_subblock, nicolae_letter_subblock,
          nicolae_letter_subblock, nicolae_letter_subblock,
          nicolae_letter_subblock, nicolae_letter_subblock,
          nicolae_letter_subblock, nicolae_letter_subblock], grunt_megastairs_2,
          serial_bayou_shore_b
Depths:2: grunt_x_marks_the_spot, layout_honeycomb, nicolae_water_bricks,
          rand_demon_pan_entry_1, hell_entry, nrook_campfire
Depths:3: nzn_winding_woodlands_stair_cross [nzn_winding_woodlands_5x15_parted,
          nzn_winding_woodlands_center_pierced_h,
          nzn_winding_woodlands_5x15_cabin, nzn_winding_woodlands_5x5_cross,
          nzn_winding_woodlands_5x5_closed_star,
          nzn_winding_woodlands_5x15_crooked,
          nzn_winding_woodlands_center_garden,
          nzn_winding_woodlands_5x15_lazy_stream], layout_honeycomb,
          enter_ziggurat_b, trog_three_pillars_becter, hell_entry,
          minmay_room_of_horrors, minmay_misc_feat_tiny, uniq_xtahua, uniq_mara,
          uniq_parghit
Depths:4: grunt_zot_entry_funnels, layout_cave_shapes,
          nicolae_elyvilon_peaceful_grove, hangedman_geh_valley,
          abyss_entry_small_statue_room
Zot:1:    regret_index_all_hallows'_manor, layout_cathedral_of_symmetry,
          gammafunk_ghost_ooze
Zot:2:    grunt_twist_and_shout, layout_onion, skrybe_zot_glass_1
Zot:3:    lemuel_draconian_sentries, layout_gridlike
Zot:4:    layout_concentric_octagons
Zot:5:    layout_misc_corridors

Skill      XL: |  1  2  3  4  5  6  7  8  9 10 11 12 13 14 15 16 17 18 19 20 21 22 23 24 25 26 |
---------------+-------------------------------------------------------------------------------+-----
Maces & Flails | 3 4 5 6 7 9 10 12 13 15 16 17 | 17.0
Fighting       | 4 5 6 7 8 10 11 12 13 14 15 17 18 19 20 21 22 23 25 | 25.9
Shields        | 4 5 6 7 8 10 11 12 13 14 15 16 17 18 19 20 21 22 23 24 | 24.5
Invocations    | 1 2 4 5 7 8 9 11 12 14 15 | 15.0
Armour         | 4 6 8 10 11 12 14 15 16 17 19 20 21 22 23 | 23.0
Throwing       | 2 5 7 9 10 12 13 14 15 16 17 18 | 18.4

Action                     |  1- 3 |  4- 6 |  7- 9 | 10-12 | 13-15 | 16-18 | 19-21 | 22-24 | 25-27 || total
---------------------------+-------+-------+-------+-------+-------+-------+-------+-------+-------++-------
  Melee: Flail             |   140 |   113 |     5 |       |       |       |       |       |       ||   258
         Morningstar       |       |       |   514 |   857 |   395 |       |       |       |       ||  1766
         Eveningstar       |       |       |       |       |   884 |  1527 |  1317 |  1343 |  1027 ||  6098
  Throw: Dart              |       |       |       |     1 |       |       |       |       |       ||     1
         Javelin           |       |       |       |       |       |    15 |    20 |    33 |    13 ||    81
 Invoke: Heroism           |       |       |     3 |     4 |     4 |     8 |     4 |     3 |     1 ||    27
         Finesse           |       |       |       |     1 |     2 |    12 |     6 |     5 |     3 ||    29
         Receive Weapon    |       |       |       |       |     1 |       |       |       |       ||     1
         Receive Armour    |       |       |       |       |     1 |       |       |       |       ||     1
         Duel              |       |       |       |       |       |     1 |     2 |     4 |     4 ||    11
  Evoke: Wand              |       |       |       |    15 |       |       |     3 |       |       ||    18
         Gell's gravitambo |       |       |       |       |       |     1 |       |       |       ||     1
    Use: Scroll            |    10 |     4 |     3 |     2 |     7 |    18 |    10 |    13 |    13 ||    80
         Potion            |       |     2 |     3 |     2 |     3 |     4 |     5 |     3 |    17 ||    39
   Stab: Confused          |     1 |       |       |       |       |       |       |       |       ||     1
         Paralysed         |       |       |       |       |       |       |     1 |       |       ||     1
 Armour: Scale mail        |   104 |    90 |     4 |       |       |       |       |       |       ||   198
         Chain mail        |       |       |   482 |    75 |       |       |       |       |       ||   557
         Plate armour      |       |       |       |   852 |   940 |  1662 |  1388 |   784 |       ||  5626
         Crystal plate arm |       |       |       |       |       |       |       |   344 |       ||   344
         Gold dragon scale |       |       |       |       |       |       |       |   429 |  1397 ||  1826
  Dodge: Dodged            |    73 |    64 |   175 |   209 |   313 |   316 |   220 |   241 |   171 ||  1782
  Block: Buckler           |    30 |    33 |   130 |   177 |       |       |       |       |       ||   370
         Tower shield      |       |       |       |   259 |  1363 |  2148 |  1915 |  2028 |  1580 ||  9293

Table legend: (Time is in decaauts)
 A = Elapsed time spent in this place.
 B = Non-inter-level travel time spent in this place.
 C = Inter-level travel time spent in this place.
 D = Time resting spent in this place.
 E = Time spent auto-exploring this place.
 F = Levels seen in this place.
 G = Mean time per level.
                   A        B        C        D        E       F      G
               +--------+--------+--------+--------+--------+-----+--------+
         Total |  64085 |  57776 |   6309 |   3058 |  39982 |  61 | 1050.6 |
       Dungeon |  20058 |  17188 |   2870 |    222 |  13281 |  15 | 1337.2 |
        Temple |     37 |     30 |      7 |      0 |      0 |   1 |   37.0 |
          Lair |   8464 |   7585 |    879 |    337 |   5677 |   5 | 1692.8 |
        Shoals |   4512 |   4234 |    278 |     63 |   3052 |   4 | 1128.0 |
     Snake Pit |   6142 |   5363 |    779 |    339 |   3613 |   4 | 1535.5 |
  Orcish Mines |   1426 |   1216 |    210 |     41 |    822 |   2 |  713.0 |
   Elven Halls |   3651 |   3485 |    166 |    241 |   2128 |   3 | 1217.0 |
        Vaults |   9387 |   8855 |    532 |   1227 |   5295 |   5 | 1877.4 |
        Depths |   5139 |   4737 |    402 |    254 |   2907 |   4 | 1284.8 |
           Zot |   4660 |   4479 |    181 |    272 |   2968 |   5 |  932.0 |
        Bazaar |    166 |    166 |      0 |      0 |    116 |   1 |  166.0 |
      Ice Cave |    235 |    235 |      0 |      0 |    122 |   1 |  235.0 |
         Arena |    204 |    204 |      0 |     60 |      0 |  11 |   18.5 |
               +--------+--------+--------+--------+--------+-----+--------+

Top non-repeatable levels by time:
Vaults:4: 2634 daAuts
 Snake:3: 2175 daAuts
  Lair:1: 2154 daAuts
    D:12: 2151 daAuts
Vaults:5: 2020 daAuts
     D:9: 2011 daAuts
  Lair:3: 1802 daAuts
  Lair:2: 1777 daAuts
Depths:3: 1775 daAuts
Vaults:2: 1694 daAuts
     D:7: 1657 daAuts
 Snake:2: 1596 daAuts
Vaults:1: 1585 daAuts
     D:6: 1573 daAuts
     D:8: 1507 daAuts
